[ AOE2 MATCH · #504646023 ]
UnrankedVikings vs Spanish
Player's team · WIN
Rival team · LOSS
[ REPLAY ANALYSIS · EXTRACTED FROM THE RECORDED GAME ]
Feudal
10:34
Castle
23:54
Imperial
36:51
| APM avg | 43.0 |
| APM peak | 68 |
| eAPM avg | 20.8 |
| Villagers / military | 103 / 124 |
Focus
⚔️ 43.7% · 🌾 56.3%
Archer ×100 · Militia ×6 · Spearman ×6 · Trebuchet (Packed) ×5 · Mangonel ×4 · Monk ×3
Feudal
9:10
Castle
22:42
Imperial
37:45
| APM avg | 38.3 |
| APM peak | 69 |
| eAPM avg | 16.0 |
| Villagers / military | 110 / 43 |
Focus
⚔️ 27.3% · 🌾 72.7%
Skirmisher ×30 · Conquistador ×4 · Scout Cavalry ×4 · Trebuchet (Packed) ×3 · Mangonel ×2
Match map
Initial resources + every placement click. Lines = walls · curves = elevation contours. ◆ gold · ⬟ stone · ● berries · ✦ relic · ◌ wall gap
Your base· ✓ Closed at 23:54 · 37t walls · no gate
_Heandres_'s base· Open — opponent sealed themselves in
Smoothed initial terrain · ◌ = detected wall gap · hover for details
Inputs per minute
— DGHIR | Lukera - - _Heandres_
Build order — DGHIR | Lukera
First 150 of 367 actions detected
| 0:01 | Queue | Villager (Male) |
| 0:01 | Queue | Villager (Male) |
| 0:01 | Queue | Villager (Male) |
| 0:02 | Build | House |
| 0:04 | Build | House |
| 0:08 | Queue | Villager (Male) |
| 1:24 | Queue | Villager (Male) |
| 1:53 | Build | Lumber Camp |
| 2:04 | Queue | Villager (Male) |
| 2:25 | Queue | Villager (Male) |
| 2:25 | Queue | Villager (Male) |
| 2:42 | Queue | Villager (Male) |
| 3:20 | Queue | Villager (Male) |
| 3:55 | Queue | Villager (Male) |
| 3:58 | Build | House |
| 4:24 | Queue | Villager (Male) |
| 4:24 | Queue | Villager (Male) |
| 4:45 | Build | Barracks |
| 4:48 | Queue | Villager (Male) |
| 5:08 | Queue | Villager (Male) |
| 5:16 | Build | House |
| 5:42 | Queue | Militia |
| 5:42 | Queue | Villager (Male) |
| 6:09 | Queue | Villager (Male) |
| 6:10 | Queue | Militia |
| 6:18 | Build | Mill |
| 6:36 | Queue | Villager (Male) |
| 6:51 | Queue | Villager (Male) |
| 7:45 | Research | Loom |
| 8:24 | Research | Feudal Age |
| 8:35 | Build | Mining Camp |
| 8:55 | Queue | Militia |
| 9:30 | Queue | Villager (Male) |
| 9:43 | Queue | Militia |
| 9:57 | Build | House |
| 10:18 | Build | Mill |
| 10:34 | Age | Feudal Age |
| 10:37 | Build | House |
| 10:41 | Build | Archery Range |
| 10:48 | Queue | Spearman |
| 10:58 | Queue | Villager (Male) |
| 11:00 | Research | Double-Bit Axe |
| 11:02 | Build | House |
| 11:09 | Queue | Militia ×2 |
| 11:13 | Research | Man-at-Arms (upgrade) |
| 11:21 | Build | Farm |
| 11:36 | Build | House |
| 11:38 | Build | Palisade Wall |
| 11:40 | Build | House |
| 11:45 | Queue | Spearman |
| 12:01 | Build | Palisade Wall |
| 12:02 | Queue | Archer |
| 12:24 | Build | Palisade Wall |
| 12:28 | Queue | Villager (Male) |
| 12:33 | Build | Blacksmith |
| 12:34 | Build | House |
| 12:45 | Build | House |
| 13:08 | Queue | Villager (Male) |
| 13:20 | Build | Farm |
| 13:21 | Build | Farm |
| 13:24 | Build | Farm |
| 13:37 | Queue | Villager (Male) |
| 13:39 | Queue | Archer |
| 13:39 | Queue | Archer |
| 14:08 | Queue | Archer |
| 14:08 | Queue | Archer |
| 14:14 | Build | Farm |
| 14:22 | Build | Farm |
| 14:43 | Queue | Villager (Male) |
| 14:47 | Build | Farm |
| 14:48 | Build | Farm |
| 14:51 | Build | House |
| 14:53 | Queue | Villager (Male) |
| 14:58 | Build | Palisade Wall |
| 15:02 | Queue | Archer |
| 15:05 | Queue | Villager (Male) |
| 15:21 | Research | Fletching |
| 15:24 | Queue | Archer |
| 15:36 | Build | Farm |
| 15:46 | Build | House |
| 15:53 | Build | Palisade Wall |
| 15:59 | Queue | Villager (Male) |
| 16:02 | Build | Farm |
| 16:11 | Build | Palisade Wall |
| 16:15 | Build | Palisade Wall |
| 16:17 | Build | Palisade Wall |
| 16:18 | Queue | Villager (Male) |
| 16:26 | Queue | Archer ×2 |
| 16:27 | Queue | Villager (Male) |
| 16:31 | Queue | Spearman |
| 16:31 | Queue | Spearman |
| 16:36 | Queue | Villager (Male) |
| 16:50 | Queue | Villager (Male) |
| 16:51 | Queue | Archer |
| 17:47 | Queue | Villager (Male) |
| 17:49 | Build | Farm |
| 17:49 | Build | Farm |
| 17:55 | Build | Lumber Camp |
| 17:56 | Queue | Villager (Male) |
| 18:05 | Queue | Villager (Male) |
| 18:15 | Build | House |
| 18:19 | Build | Palisade Wall |
| 18:21 | Build | Palisade Wall |
| 18:29 | Queue | Villager (Male) |
| 18:34 | Queue | Villager (Male) |
| 18:37 | Build | Farm |
| 18:38 | Build | Farm |
| 18:43 | Queue | Villager (Male) |
| 20:12 | Queue | Villager (Male) |
| 20:14 | Queue | Archer |
| 20:15 | Queue | Archer |
| 20:17 | Build | Farm |
| 20:20 | Build | Market |
| 20:22 | Build | Farm |
| 20:25 | Build | Farm |
| 21:14 | Research | Castle Age |
| 21:15 | Queue | Villager (Male) |
| 21:23 | Build | Archery Range |
| 21:25 | Queue | Archer |
| 21:26 | Queue | Villager (Male) |
| 21:41 | Queue | Archer ×5 |
| 21:41 | Queue | Villager (Male) |
| 21:47 | Research | Horse Collar |
| 21:50 | Build | Farm |
| 21:50 | Build | Farm |
| 22:08 | Research | Padded Archer Armor |
| 22:18 | Build | House |
| 22:19 | Queue | Villager (Male) |
| 22:20 | Build | Farm |
| 22:23 | Research | Gold Mining |
| 22:43 | Queue | Archer |
| 22:43 | Queue | Archer |
| 22:48 | Build | Palisade Wall |
| 22:51 | Build | Farm |
| 23:08 | Build | House |
| 23:23 | Queue | Villager (Male) |
| 23:27 | Build | Palisade Wall |
| 23:37 | Queue | Archer ×5 |
| 23:53 | Queue | Archer |
| 23:54 | Age | Castle Age |
| 24:00 | Research | Bodkin Arrow |
| 24:01 | Research | Crossbowman (upgrade) |
| 24:10 | Build | Town Center |
| 24:22 | Research | Bow Saw |
| 24:37 | Build | Town Center |
| 25:00 | Queue | Archer |
| 25:01 | Queue | Archer |
| 25:01 | Queue | Archer |
| 25:02 | Queue | Villager (Male) |
| 25:08 | Queue | Villager (Male) |
Build order — _Heandres_
First 150 of 300 actions detected
| 0:03 | Queue | Villager (Male) |
| 0:03 | Queue | Villager (Male) |
| 0:03 | Queue | Villager (Male) |
| 0:04 | Build | House |
| 0:08 | Build | House |
| 1:05 | Queue | Villager (Male) |
| 1:05 | Queue | Villager (Male) |
| 1:34 | Queue | Villager (Male) |
| 1:34 | Queue | Villager (Male) |
| 2:04 | Queue | Villager (Male) |
| 2:04 | Queue | Villager (Male) |
| 2:20 | Queue | Villager (Male) |
| 2:37 | Build | Lumber Camp |
| 2:52 | Queue | Villager (Male) |
| 2:52 | Queue | Villager (Male) |
| 3:12 | Queue | Villager (Male) |
| 3:13 | Queue | Villager (Male) |
| 3:34 | Queue | Villager (Male) |
| 3:34 | Queue | Villager (Male) |
| 3:56 | Build | House |
| 4:07 | Queue | Villager (Male) |
| 4:08 | Queue | Villager (Male) |
| 4:35 | Queue | Villager (Male) |
| 4:35 | Queue | Villager (Male) |
| 4:46 | Build | Mill |
| 4:59 | Queue | Villager (Male) |
| 4:59 | Queue | Villager (Male) |
| 5:00 | Queue | Villager (Male) |
| 6:09 | Queue | Villager (Male) |
| 6:14 | Research | Loom |
| 6:51 | Research | Feudal Age |
| 6:51 | Research | Feudal Age |
| 7:24 | Build | Barracks |
| 7:51 | Build | Palisade Wall |
| 8:26 | Build | House |
| 8:32 | Build | Palisade Wall |
| 8:33 | Build | Palisade Wall |
| 8:35 | Build | Palisade Wall |
| 8:44 | Build | Palisade Wall |
| 9:05 | Build | Palisade Wall |
| 9:10 | Age | Feudal Age |
| 9:22 | Build | Stable |
| 9:23 | Queue | Villager (Male) |
| 9:34 | Queue | Villager (Male) |
| 9:39 | Build | Mill |
| 9:41 | Research | Double-Bit Axe |
| 9:41 | Research | Double-Bit Axe |
| 9:55 | Build | Palisade Wall |
| 9:57 | Build | House |
| 10:08 | Queue | Scout Cavalry |
| 10:12 | Queue | Villager (Male) |
| 10:27 | Build | Farm |
| 10:34 | Build | Farm |
| 10:35 | Queue | Scout Cavalry |
| 10:36 | Queue | Villager (Male) |
| 10:55 | Queue | Villager (Male) |
| 11:00 | Build | Farm |
| 11:06 | Build | Farm |
| 11:18 | Build | Farm |
| 11:20 | Build | Palisade Wall |
| 11:21 | Build | Palisade Wall |
| 11:31 | Queue | Villager (Male) |
| 11:35 | Build | Farm |
| 11:43 | Queue | Villager (Male) |
| 11:48 | Build | Farm |
| 11:57 | Build | Farm |
| 12:08 | Queue | Scout Cavalry |
| 12:12 | Build | Farm |
| 12:20 | Build | House |
| 12:30 | Queue | Villager (Male) |
| 12:43 | Queue | Villager (Male) |
| 12:48 | Build | Farm |
| 13:02 | Build | Farm |
| 13:03 | Build | Farm |
| 13:10 | Queue | Scout Cavalry |
| 13:29 | Queue | Villager (Male) |
| 13:29 | Queue | Villager (Male) |
| 13:35 | Build | House |
| 13:45 | Build | Archery Range |
| 13:52 | Queue | Villager (Male) |
| 14:21 | Queue | Villager (Male) |
| 14:26 | Build | Mining Camp |
| 14:35 | Build | House |
| 14:42 | Queue | Skirmisher |
| 14:42 | Queue | Skirmisher |
| 14:57 | Build | House |
| 15:08 | Queue | Villager (Male) |
| 15:30 | Build | House |
| 15:31 | Build | House |
| 15:35 | Queue | Skirmisher |
| 15:35 | Queue | Villager (Male) |
| 16:05 | Build | Blacksmith |
| 16:06 | Queue | Villager (Male) |
| 16:10 | Queue | Skirmisher |
| 16:13 | Build | House |
| 16:19 | Queue | Villager (Male) |
| 16:33 | Queue | Skirmisher |
| 16:43 | Build | House |
| 16:46 | Queue | Villager (Male) |
| 16:49 | Build | House |
| 16:53 | Build | Palisade Wall |
| 17:09 | Research | Fletching |
| 17:10 | Queue | Skirmisher |
| 17:19 | Queue | Villager (Male) |
| 17:48 | Queue | Villager (Male) |
| 17:57 | Research | Padded Archer Armor |
| 18:07 | Queue | Villager (Male) |
| 18:17 | Queue | Villager (Male) |
| 18:19 | Queue | Skirmisher |
| 18:22 | Build | Farm |
| 18:24 | Build | Farm |
| 18:25 | Build | Farm |
| 19:04 | Queue | Villager (Male) |
| 19:09 | Build | Farm |
| 19:10 | Build | Farm |
| 19:31 | Queue | Villager (Male) |
| 19:37 | Build | Lumber Camp |
| 19:40 | Queue | Skirmisher |
| 19:40 | Queue | Skirmisher |
| 19:43 | Build | House |
| 19:59 | Queue | Villager (Male) |
| 20:02 | Research | Castle Age |
| 20:38 | Queue | Skirmisher |
| 20:38 | Queue | Skirmisher |
| 21:21 | Queue | Skirmisher |
| 21:53 | Build | Mining Camp |
| 22:11 | Build | House |
| 22:13 | Build | Palisade Wall |
| 22:23 | Queue | Skirmisher |
| 22:23 | Queue | Skirmisher |
| 22:40 | Research | Stone Mining |
| 22:40 | Research | Stone Mining |
| 22:42 | Research | Horse Collar |
| 22:42 | Research | Horse Collar |
| 22:42 | Age | Castle Age |
| 22:45 | Research | Town Watch |
| 22:46 | Queue | Villager (Male) |
| 22:59 | Build | Town Center |
| 23:11 | Queue | Villager (Male) |
| 23:31 | Build | Palisade Wall |
| 23:34 | Queue | Villager (Male) |
| 23:52 | Queue | Villager (Male) |
| 24:00 | Build | Palisade Wall |
| 24:10 | Queue | Villager (Male) |
| 24:17 | Research | Stone Shaft Mining |
| 24:37 | Build | Watch Tower |
| 24:40 | Queue | Villager (Male) |
| 25:07 | Research | Elite Skirmisher (upgrade) |
| 25:09 | Research | Leather Archer Armor |
| 25:10 | Queue | Villager (Male) |
Match timeline
| 4:45 | DGHIR | Lukera · first_building Barracks |
| 7:24 | _Heandres_ · first_building Barracks |
| 7:51 | _Heandres_ · wall_segment Palisade Wall x1 |
| 8:32 | _Heandres_ · wall_segment Palisade Wall x1 |
| 8:33 | _Heandres_ · wall_segment Palisade Wall x1 |
| 8:35 | _Heandres_ · wall_segment Palisade Wall x1 |
| 8:44 | _Heandres_ · wall_segment Palisade Wall x1 |
| 9:05 | _Heandres_ · wall_segment Palisade Wall x1 |
| 9:10 | _Heandres_ · age_up feudal |
| 9:22 | _Heandres_ · first_building Stable |
| 9:55 | _Heandres_ · wall_segment Palisade Wall x4 |
| 10:34 | DGHIR | Lukera · age_up feudal |
| 10:41 | DGHIR | Lukera · first_building Archery Range |
| 11:20 | _Heandres_ · wall_segment Palisade Wall x1 |
| 11:21 | _Heandres_ · wall_segment Palisade Wall x1 |
| 11:38 | DGHIR | Lukera · wall_segment Palisade Wall x1 |
| 12:01 | DGHIR | Lukera · wall_segment Palisade Wall x5 |
| 12:24 | DGHIR | Lukera · wall_segment Palisade Wall x1 |
| 13:45 | _Heandres_ · first_building Archery Range |
| 14:58 | DGHIR | Lukera · wall_segment Palisade Wall x1 |
| 15:53 | DGHIR | Lukera · wall_segment Palisade Wall x9 |
| 16:11 | DGHIR | Lukera · wall_segment Palisade Wall x8 |
| 16:15 | DGHIR | Lukera · wall_segment Palisade Wall x3 |
| 16:17 | DGHIR | Lukera · wall_segment Palisade Wall x6 |
| 16:53 | _Heandres_ · wall_segment Palisade Wall x6 |
| 18:19 | DGHIR | Lukera · wall_segment Palisade Wall x1 |
| 18:21 | DGHIR | Lukera · wall_segment Palisade Wall x1 |
| 22:13 | _Heandres_ · wall_segment Palisade Wall x11 |
| 22:42 | _Heandres_ · age_up castle |
| 22:48 | DGHIR | Lukera · wall_segment Palisade Wall x1 |
| 23:27 | DGHIR | Lukera · wall_segment Palisade Wall x1 |
| 23:31 | _Heandres_ · wall_segment Palisade Wall x15 |
| 23:54 | DGHIR | Lukera · age_up castle |
| 24:00 | _Heandres_ · wall_segment Palisade Wall x1 |
| 24:24 | DGHIR | Lukera · first_market_buy 500 wood |
| 26:39 | DGHIR | Lukera · first_building Siege Workshop |
| 27:33 | _Heandres_ · first_building Siege Workshop |
| 27:44 | DGHIR | Lukera · first_building Monastery |
| 30:55 | _Heandres_ · first_building Castle |
| 32:05 | DGHIR | Lukera · first_building Castle |
| 33:22 | DGHIR | Lukera · wall_segment Stone Wall x14 |
| 33:35 | DGHIR | Lukera · first_market_sell 500 wood |
| 36:51 | DGHIR | Lukera · age_up imperial |
| 37:35 | DGHIR | Lukera · wall_segment Stone Wall x3 |
| 37:39 | DGHIR | Lukera · wall_segment Stone Wall x13 |
| 37:42 | DGHIR | Lukera · wall_segment Stone Wall x19 |
| 37:45 | _Heandres_ · age_up imperial |
| 39:27 | _Heandres_ · wall_segment Palisade Wall x1 |
| 40:27 | _Heandres_ · wall_segment Palisade Wall x1 |
| 40:28 | _Heandres_ · wall_segment Palisade Wall x1 |
| 41:25 | _Heandres_ · resign |
[ AI ANALYSIS · 1 CREDIT ]
What really happened in this match?
Wolo.gg analyzes every decision: build order, eco, micro, common mistakes by bracket. Personalized analysis on WhatsApp or Discord in 30 seconds.
Civ guide
Vikings
Perfil
Jugador #5124028